 Dungeon Crawl Stone Soup version 0.32-a0-520-g344ed53f66 (webtiles) character file.

Game seed: 2986610816962261163

207 Schmookums the Ducker (level 5, -1/79 HPs)
             Began as a Troll Fighter on Feb 27, 2024.
             Was a Follower of Beogh.
             Slain by Duvessa
             ... wielding a +0 rapier
              (10 damage)
             ... on level 5 of the Dungeon.
             The game lasted 00:28:35 (2048 turns).

Schmookums the Ducker (Troll Fighter)               Turns: 2048, Time: 00:28:36

Health: -1/79      AC: 22    Str: 24    XL:     5   Next: 54%
Magic:  4/4        EV:  1    Int:  4    God:    Beogh [*.....]
Gold:   116        SH:  0    Dex: 11    Spells: 4/4 levels left

rFire   + . .        e - +3 spear (venom)
rCold   . . .        b - +0 kite shield
rNeg    . . .        a - melded +0 robe
rPois   +            (helmet currently unavailable)
rElec   .            x - melded scarf {rC+ rF+}
rCorr   .            (gloves unavailable)
SInv    .            (boots unavailable)
Will    +....        (no amulet)
Stlth   +            h - ring of protection from fire
HPRegen 1.13/turn    (no ring)
MPRegen 0.09/turn

%: no passive effects
@: confused, tree-form, ambrosia-drunk, enlightened, hasted, very quick
A: stationary, stasis, torment immunity, boosted hp, large, unfitting armour,
(claws 3), regeneration 1, (shaggy fur 1), (tough skin 1)
a: Renounce Religion


You were on level 5 of the Dungeon.
You worshipped Beogh.
Beogh was aware of your devotion.
You were a tree.
You visited 1 branch of the dungeon, and saw 4 of its levels.

You collected 116 gold pieces.

Inventory:

Hand Weapons
 d - a +0 dagger
 e - a +3 spear of venom (weapon)
 g - a +0 spear
 k - a +0 club
 l - a +0 dagger
 m - a +0 short sword
 n - a +0 club
 p - a +0 war axe
 q - a +0 club
 r - a +0 dagger
 y - a +0 club
Missiles
 v - 3 curare-tipped darts (quivered)
Armour
 a - a +0 robe (melded)
 b - a +0 kite shield (worn)
 o - a +0 leather armour
 s - a +0 plate armour
 x - a scarf of resistance (melded)
 A - a +0 robe
Jewellery
 h - a ring of protection from fire (left branch)
 i - a ring of magical power
 w - a ring of magical power
Wands
 u - a wand of flame (12)
Scrolls
 C - a scroll of identify
Potions
 c - 2 potions of lignification
 t - 2 potions of degeneration


   Skills:
 + Level 3.1 Fighting
 + Level 2.2 Polearms
 + Level 3.2 Dodging
 + Level 0.3 Stealth
 + Level 3.2 Shields
 + Level 2.4 Unarmed Combat
 * Level 0.2 Spellcasting


You had 4 spell levels left.
You didn't know any spells.
Your spell library contained the following spells:

 Spells                   Type           Power      Damage    Failure   Level
 Magic Dart               Conj           0%         1d3       77%         1
 Searing Ray              Conj           0%         2d4       88%         2
 Fulminant Prism          Conj/Alch      0%         3d5       100%        4


Dungeon Overview and Level Annotations

Branches:
Dungeon (3/15)

Altars:
Beogh

Shops:
D:1 (

Annotations:
D:5 Duvessa


Innate Abilities, Weirdness & Mutations

You are a tree.
Your roots penetrate the ground, keeping you stationary.
You cannot be teleported.
You are immune to unholy pain and torment.
Your maximum health is greatly increased.
Your equipment is partially melded.
You are too large for most types of armour.
((You have claws for hands.))
Your natural rate of healing is unusually fast.
((You are covered in fur. (AC +1)))
((You have tough skin. (AC +1)))


Message History

You block Duvessa's attack.
It was a potion of haste.
You feel yourself speed up. You block Duvessa's attack.
Duvessa hits you with a +0 rapier.
* * * LOW HITPOINT WARNING * * *
You cannot move.
You cannot move.
It was a potion of ambrosia.
You are confused.
You feel invigorated. Duvessa hits you but does no damage.
You cannot move. (Use ctrl+direction or * direction to attack while stationary and confused.)
You cannot move. (Use ctrl+direction or * direction to attack while stationary and confused.)
You cannot move. (Use ctrl+direction or * direction to attack while stationary and confused.)
You cannot move. (Use ctrl+direction or * direction to attack while stationary and confused.)
You cannot move. (Use ctrl+direction or * direction to attack while stationary and confused.)
You cannot move. (Use ctrl+direction or * direction to attack while stationary and confused.)
You swing at nothing.
Duvessa hits you but does no damage.
You swing at nothing.
Duvessa hits you but does no damage.
You cannot move. (Use ctrl+direction or * direction to attack while stationary and confused.)
You barely miss Duvessa.
Duvessa is moderately wounded.
Duvessa hits you with a +0 rapier!
* * * LOW HITPOINT WARNING * * *
You cannot move. (Use ctrl+direction or * direction to attack while stationary and confused.)
You cannot move. (Use ctrl+direction or * direction to attack while stationary and confused.) Duvessa is nearby!
Duvessa is nearby!
Duvessa is nearby!
You cannot move. (Use ctrl+direction or * direction to attack while stationary and confused.) Duvessa is nearby!
You cannot move. (Use ctrl+direction or * direction to attack while stationary and confused.)
You cannot move. (Use ctrl+direction or * direction to attack while stationary and confused.)
You cannot move. (Use ctrl+direction or * direction to attack while stationary and confused.)
You closely miss Duvessa.
Duvessa is moderately wounded.
Duvessa hits you with a +0 rapier!
* * * LOW HITPOINT WARNING * * *
You cannot move. (Use ctrl+direction or * direction to attack while stationary and confused.)
You swing at nothing.
Duvessa hits you but does no damage.
You nearly hit yourself!
Duvessa hits you with a +0 rapier!
You die...

#.. .... #.# ...# #. #.# . ##.
...##$ ###.####..... .....
##.....###...# #....##
##...........####..#..#
...............##..#..# .#
..................###.# #.##.
................♣e....## ....
.......................#####..#
..........................#..#
............................#
....................).......##...
.................................
............................###..
........................#...#
......................####.##


You could see Duvessa (berserk, poisoned).

Vanquished Creatures
  Dowan (D:5)
  A sleepcap (D:5)
  Natasha (thrice) (D:2)
  2 ribbon worms (D:2)
  3 orcs (D:2)
  5 bats
  4 endoplasms
  A giant cockroach (D:2)
  5 goblins
  9 hobgoblins
  A kobold (D:2)
  6 ball pythons
  4 frilled lizards
  4 rats
49 creatures vanquished.

Notes
Turn   | Place    | Note
-------+----------+-------------------------------------------
     0 | D:1      | Schmookums the Troll Fighter began the quest for the Orb.
     0 | D:1      | Reached XP level 1. HP: 22/22 MP: 0/0
   269 | D:1      | Reached XP level 2. HP: 27/29 MP: 1/1
   351 | D:1      | Found Maafuj's Antique Weapon Shop.
   939 | D:2      | Reached XP level 3. HP: 36/36 MP: 2/2
   940 | D:2      | Found a faded altar of an unknown god.
  1005 | D:2      | Prayed at the altar of an unknown god.
  1005 | D:2      | Became a worshipper of Beogh the Shepherd
  1005 | D:2      | Reached * piety under Beogh
  1327 | D:2      | Noticed Natasha
  1343 | D:2      | Killed Natasha
  1344 | D:2      | Reached XP level 4. HP: 11/44 MP: 3/3
  1530 | D:2      | Noticed Natasha
  1548 | D:2      | Killed Natasha
  1549 | D:2      | Reached skill level 1 in Polearms
  1583 | D:2      | Noticed Natasha
  1593 | D:2      | Killed Natasha
  1947 | D:3      | You fall into a shaft and drop 2 floors!
  1947 | D:5      | Entered Level 5 of the Dungeon
  1978 | D:5      | Reached XP level 5. HP: 28/53 MP: 4/4
  2016 | D:5      | Noticed Dowan
  2016 | D:5      | Noticed Duvessa
  2031 | D:5      | Killed Dowan
  2046 | D:5      | HP: 3/79 [Duvessa/+0 rapier (13)]
  2048 | D:5      | Slain by Duvessa

Illustrated notes

Levels and vault maps discovered:
D:1:      dpeg_arrival_oval, layout_loops_ring, serial_shops,
          nicolae_shop_window_shopping, serial_park_tiny_pond
D:2:      layout_basic, nicolae_ecumenical_snake_handling, uniq_natasha
D:3:      layout_loops_corners
D:5:      layout_layer_cave, uniq_duvessa

Skill      XL: |  1  2  3  4 |
---------------+-------------+-----
Dodging        | 3 |  3.2
Shields        | 3 |  3.2
Polearms       | 2 |  2.2
Fighting       | 3 |  3.1
Stealth        | |  0.3
Unarmed Combat | |  2.4
Spellcasting   | |  0.2

Action                     |  1- 3 |  4- 6 || total
---------------------------+-------+-------++-------
  Melee: Spear             |    96 |    40 ||   136
         Unarmed           |     7 |       ||     7
  Throw: Dart              |       |     1 ||     1
  Evoke: Wand              |       |     2 ||     2
    Use: Potion            |     1 |     5 ||     6
         Scroll            |       |     3 ||     3
 Armour: Robe              |    75 |    37 ||   112
         Skin              |       |     9 ||     9
  Dodge: Dodged            |    45 |    13 ||    58
  Block: Kite shield       |    50 |    27 ||    77

Table legend: (Time is in decaauts)
 A = Elapsed time spent in this place.
 B = Non-inter-level travel time spent in this place.
 C = Inter-level travel time spent in this place.
 D = Time resting spent in this place.
 E = Time spent auto-exploring this place.
 F = Levels seen in this place.
 G = Mean time per level.
                   A        B        C        D        E       F      G
               +--------+--------+--------+--------+--------+-----+--------+
         Total |   2071 |    511 |   1560 |     17 |      0 |   4 |  517.8 |
       Dungeon |   2071 |    511 |   1560 |     17 |      0 |   4 |  517.8 |
               +--------+--------+--------+--------+--------+-----+--------+

Top non-repeatable levels by time:
     D:1: 928 daAuts
     D:2: 826 daAuts
     D:3: 215 daAuts
     D:5: 100 daAuts
